 Dungeon Crawl Stone Soup version 0.30-b1-2-g02819fbbbe (webtiles) character file.

Game seed: 15580868676702754693

93 Alarkh the Sneak (level 4, 35/35 HPs)
             Began as a Demonspawn Delver on May 22, 2023.
             Got out of the dungeon alive.
             The game lasted 00:02:49 (2175 turns).

Alarkh the Sneak (Demonspawn Delver)                Turns: 2175, Time: 00:02:50

Health: 35/35      AC:  4    Str: 13    XL:     4   Next: 36%
Magic:  4/4        EV: 11    Int: 15    God:
Gold:   148        SH:  5    Dex: 14    Spells: 3/3 levels left

rFire   . .          .
                       - Unarmed
rCold   . . .        (no shield)
rNeg    + . .        a - +0 leather armour
rPois   +            (no helmet)
rElec   .            (no cloak)
rCorr   .            (no gloves)
SInv    .            q - +0 pair of boots
Will    .....        h - amulet of reflection
Stlth   ++           l - ring of poison resistance
HPRegen 0.25/turn    m - ring of positive energy
MPRegen 0.18/turn

%: reflection
@: no status effects
A: claws 1, magic regeneration, big brain 1
a: no special abilities


You escaped.
You visited 1 branch of the dungeon, and saw 5 of its levels.

You collected 148 gold pieces.

Inventory:

Armour
 a - a +0 leather armour (worn)
 q - a +0 pair of boots (worn)
Magical Staves
 y - a staff of earth
Jewellery
 h - an amulet of reflection (around neck)
 l - a ring of poison resistance (left claw)
 m - a ring of positive energy (right claw)
 p - a +6 ring of intelligence
Wands
 f - a wand of digging (3)
Scrolls
 b - 2 scrolls of fog
 c - 3 scrolls of magic mapping
 d - 2 scrolls of fear
 i - 2 scrolls of enchant weapon
 n - a scroll of immolation {unknown}
 o - a scroll of teleportation {unknown}
 u - a scroll of vulnerability {unknown}
 v - 3 scrolls of identify {unknown}
 x - a scroll of noise {unknown}
Potions
 e - a potion of haste
 g - a potion of invisibility {unknown}
 j - a potion of curing {unknown}
 k - 2 potions of heal wounds {unknown}
 r - a potion of attraction {unknown}
 s - 2 potions of lignification {unknown}
 t - a potion of brilliance {unknown}
 w - a potion of might {unknown}


   Skills:
 - Level 3.0 Fighting
 - Level 1.7 Dodging
 - Level 4.5 Stealth
 + Level 4.2 Unarmed Combat


You had 3 spell levels left.
You didn't know any spells.
Your spell library contained the following spells:

 Spells                   Type           Power      Damage    Failure   Level
 Cigotuvi's Dreadful Rot  Necr/Pois/Air  0%         N/A       45%         2
 Lesser Beckoning         Tloc           0%         N/A       45%         2
 Gell's Gravitas          Tloc           0%         N/A       71%         3
 Ignite Poison            Fire/Tmut/Pois 0%         N/A       71%         3
 Teleport Other           Tloc           0%         N/A       71%         3
 Freezing Cloud           Conj/Ice/Air   0%         6-21      100%        5


Dungeon Overview and Level Annotations

Branches:
Dungeon (5/15)             Temple (0/1) D:4

Altars:
Gozag
Wu Jian

Shops:
D:1 ?   D:3 (*

Annotations:
D:3 1 runed translucent door, Crazy Yiuf
D:4 Pikel


Innate Abilities, Weirdness & Mutations

You have sharp fingernails.
You regenerate magic rapidly.
You have an unusually large brain. (Int +2)


Message History

No target in view!
No target in view!
No target in view!
No target in view!
No target in view!
No target in view!
No target in view!
No target in view!
No target in view!
HP restored.
Things that are here:
a +5 club; a +0 robe; the human corpse of Jessica
Okay, then.
Things that are here:
a +0 leather armour; 2 stones
Found an escape hatch in the floor.
You now have 134 gold pieces (gained 6).
There is an escape hatch in the floor here.
You now have 148 gold pieces (gained 14).
There is a stone staircase leading down here.
You see here a +0 war axe.
y - a staff of earth Unknown command.
(D) Dungeon (T) Temple
Where to? (Enter - D:3, ? - help)
Okay, then.
(D) Dungeon (T) Temple
Where to? (Enter - D:3, ? - help)
What level of the Dungeon? (default 1, ? - help)
There is a shaft here.
There is a stone staircase leading up here.
You climb upwards.
There is a stone staircase leading down here.
There is a stone staircase leading up here.
You climb upwards.
There is a stone staircase leading down here.
There is an open door here.
There is a staircase leading out of the dungeon here.
Are you sure you want to leave the Dungeon?
This will make you lose the game!
You have escaped!

#.# #....#####.#####..# #.#
########..#...#.#...#..# #.#
#.........#...#.'...#..#
#.###.######..#...#.#...#..#
#.....# #..##'##.#####..#
#.##########...............#
.............[#####.##'##..#
#.#.#######.#.#...#.#...#..#
.∩..# #.#.#.@.'.#.>.#..#
#.### #.#.#...#.#...#..#
...# #.#.#####.#####..# .###
#...............## ..#
##.........###### ..#
########### ..# ..# ..#


There were no monsters in sight!

Vanquished Creatures
  Jessica (D:3)
  A gnoll (D:1)
  A worm (D:2)
  2 dart slugs
  An orc (D:4)
  6 endoplasms
  6 goblins
  6 hobgoblins
  4 jackals (D:1)
  5 kobolds (D:1)
  4 quokkas
  3 ball pythons
  3 frilled lizards
43 creatures vanquished.

Notes
Turn   | Place    | Note
-------+----------+-------------------------------------------
     0 | D:5      | Alarkh the Demonspawn Delver began the quest for the Orb.
     0 | D:5      | Reached XP level 1. HP: 18/18 MP: 1/1
     1 | D:5      | Noticed a hound
    29 | D:4      | Found an ornate altar of the Wu Jian Council.
    84 | D:4      | Noticed Pikel
    85 | D:4      | Noticed a lemure
    86 | D:4      | Noticed a lemure
    86 | D:4      | Noticed a lemure
    86 | D:4      | Noticed a lemure
    98 | D:4      | Noticed an orc wizard
   102 | D:4      | Found a staircase to the Ecumenical Temple.
   108 | D:4      | Noticed an iguana
   282 | D:3      | Gained mutation: You have sharp fingernails. [demonic
                  | ancestry]
   282 | D:3      | Reached XP level 2. HP: 15/24 MP: 2/2
   344 | D:3      | Found an opulent altar of Gozag.
   344 | D:3      | Found Gozag's Platinum Reserve.
   405 | D:3      | Found Ced Keof's Antique Weapon Shoppe.
   666 | D:3      | Found a runed translucent door.
   667 | D:3      | Noticed Crazy Yiuf
   955 | D:2      | Gained mutation: You have an unusually large brain. (Int
                  | +2) [demonic ancestry]
   955 | D:2      | Reached XP level 3. HP: 29/29 MP: 3/3
  1022 | D:1      | Found Zynkocuy's Magic Scroll Boutique.
  1958 | D:3      | Noticed Jessica
  1969 | D:3      | Killed Jessica
  1970 | D:3      | Gained mutation: You regenerate magic rapidly. [demonic
                  | ancestry]
  1970 | D:3      | Reached XP level 4. HP: 33/35 MP: 4/4
  2175 | D:$      | Got out of the dungeon alive.

Illustrated notes

Levels and vault maps discovered:
D:1:      minmay_arrival_four_houses, layout_rooms, serial_shops,
          nicolae_shop_crystal, nrook_mini_vaults, minmay_liquid_box,
          kennysheep_pointless_box, chequers_serial_rivers_micro_c,
          eino_curves_02, minmay_crystal_water
D:2:      layout_loops_ring
D:3:      layout_loops_ring, nicolae_gozag_zags_fifth_avenue, serial_shops,
          shop, dreamdust_ecumenical_altar_angels_and_demons, uniq_jessica,
          uniq_crazy_yiuf_cottage
D:4:      layout_basic, mainiacjoe_overflow_alcove_2,
          nicolae_ru_great_annihilating_truth,
          mainiacjoe_overflow_surrounded_room,
          gammafunk_temple_overflow_elements, minmay_temple_entry_ruins,
          uniq_pikel
D:5:      layout_loops_ring, mainiacjoe_overflow_six_doors_small,
          minmay_gold_behind_fungi, hangedman_abyss_or_decor_stabs

Skill      XL: |  1  2  3 |
---------------+----------+-----
Unarmed Combat | 2 3 4 |  4.2
Fighting       | |  3.0
Dodging        | |  1.7
Stealth        | |  4.5

Action                     |  1- 3 |  4- 6 || total
---------------------------+-------+-------++-------
  Melee: Unarmed           |   121 |     2 ||   123
         Punch             |     3 |       ||     3
  Throw: Dart              |     2 |       ||     2
    Use: Scroll            |     1 |       ||     1
   Stab: Sleeping          |    13 |       ||    13
 Armour: Leather armour    |    23 |       ||    23
  Dodge: Dodged            |    56 |       ||    56
  Block: Other             |    15 |     1 ||    16
